 Dungeon Crawl Stone Soup version 0.30-a0-924-g0ad0bf95bc (webtiles) character file.

Game seed: 12650577345981656914

81269 vineage the Bludgeoner (level 15, -1/101 HPs)
             Began as a Gargoyle Fighter on Mar 22, 2023.
             Was the Champion of Okawaru.
             Slain by an ettin
             ... wielding a +0 antimagic giant club
              (48 damage)
             ... on level 2 of the Orcish Mines.
             The game lasted 00:26:26 (21303 turns).

vineage the Bludgeoner (Gargoyle Fighter)          Turns: 21303, Time: 00:26:26

Health: -1/101     AC: 39    Str: 31    XL:     15   Next: 69%
Magic:  10/20      EV:  9    Int: 23    God:    Okawaru [******]
Gold:   3466       SH:  8    Dex: 14    Spells: 14/14 levels left

rFire   . . .      SeeInvis .    Y - +9 demon whip (freeze)
rCold   + . .      Faith    .    c - +1 buckler
rNeg    + + .      Spirit   .    I - +1 plate armour {rC+}
rPois   ∞          Reflect  .    e - +2 hat
rElec   +          Rampage  .    P - scarf of Dogma {+Inv, rN+ Str+2 Int+3 Stlth+}
rCorr   .                        O - +1 pair of gloves {Stlth+}
Will    ++...                    E - +1 pair of boots of Leestete {Int+4 Slay+6} Stlth
                                 Z - amulet "Plog" {Will+ Regen+ Slay+3}
HPRegen 1.16/turn                R - ring of the Special Deaths {AC+4 Str+7 Dex-3}
MPRegen 0.17/turn                H - ring "Foagaq Olaa" {Str-2 Int+6 Dex+6}

@: flying
A: sickness immunity, AC +11, big wings, negative energy resistance 1,
electricity resistance, torment resistance 1, petrification resistance
a: Renounce Religion, Evoke Invisibility, Heroism, Finesse, Duel


You were on level 2 of the Orcish Mines.
You worshipped Okawaru.
Okawaru was exalted by your worship.
You visited 4 branches of the dungeon, and saw 21 of its levels.
You also visited: Gauntlet.

You collected 3726 gold pieces.
You spent 260 gold pieces at shops.

Inventory:

Hand Weapons
 k - the +5 eveningstar of the Tired Planets {drain, Fly rC+ Str+3}
   (Okawaru gifted it to you on level 2 of the Orcish Mines)

   Str:       It affects your strength (+3).
   rC:        It protects you from cold.
   Fly:       It grants you flight.
 Y - a +9 demon whip of freezing (weapon)
Missiles
 w - a throwing net (quivered)
Armour
 c - a +1 buckler (worn)
 e - a +2 hat (worn)
 E - the +1 pair of boots of Leestete (worn) {Int+4 Slay+6}
   (You acquired it on level 9 of the Dungeon)

   Int:       It affects your intelligence (+4).
   Slay:      It affects your accuracy & damage with ranged weapons and melee
   (+6).
 I - a +1 plate armour of cold resistance (worn)
 O - a +1 pair of gloves of stealth (worn)
 P - the scarf of Dogma (worn) {+Inv, rN+ Str+2 Int+3 Stlth+}
   (Okawaru gifted it to you on level 5 of the Lair of Beasts)

   Str:       It affects your strength (+2).
   Int:       It affects your intelligence (+3).
   rN:        It protects you from negative energy.
   Stlth:     It makes you more stealthy.
 S - +0 fire dragon scales
Jewellery
 a - the ring "Rimotz" {rCorr Dex+3}
   (You found it in a Gauntlet)

   [ring of resist corrosion]

   Dex:       It affects your dexterity (+3).
   rCorr:     It protects you from acid and corrosion.
 b - a +6 ring of dexterity
 n - an amulet of reflection
 z - a +5 ring of evasion
 A - a ring of willpower
 H - the ring "Foagaq Olaa" (right hand) {Str-2 Int+6 Dex+6}
   (You found it on level 10 of the Dungeon)

   [ring of dexterity]

   Str:       It affects your strength (-2).
   Int:       It affects your intelligence (+6).
   Dex:       It affects your dexterity (+6).
 R - the ring of the Special Deaths (left hand) {AC+4 Str+7 Dex-3}
   (You found it on level 5 of the Lair of Beasts)

   [ring of protection]

   AC:        It affects your AC (+4).
   Str:       It affects your strength (+7).
   Dex:       It affects your dexterity (-3).
 Z - the amulet "Plog" (around neck) {Will+ Regen+ Slay+3}
   (You found it in a Gauntlet)

   [amulet of regeneration]

   Slay:      It affects your accuracy & damage with ranged weapons and melee
   (+3).
   Regen:     It increases your rate of health regeneration.
   Will:      It increases your willpower.
Wands
 D - a wand of digging (5)
 N - a wand of roots (13)
Scrolls
 m - 15 scrolls of identify
 o - 2 scrolls of brand weapon
 p - 11 scrolls of teleportation
 r - 3 scrolls of vulnerability
 s - 5 scrolls of fog
 y - a scroll of enchant armour
 F - 2 scrolls of torment
 G - 2 scrolls of fear
 J - a scroll of enchant weapon
 K - 3 scrolls of amnesia
 L - a scroll of silence
 M - a scroll of poison
Potions
 d - 3 potions of might
 f - a potion of magic
 g - 2 potions of attraction
 h - a potion of flight
 i - 4 potions of invisibility
 j - 10 potions of curing
 l - 2 potions of heal wounds
 u - a potion of resistance
 v - a potion of ambrosia
 x - 5 potions of haste
 B - a potion of cancellation
 Q - 2 potions of brilliance
 U - 2 potions of berserk rage
 W - 3 potions of mutation


   Skills:
 * Level 14.9 Fighting
 * Level 16.4 Maces & Flails
 + Level 13.2 Armour
 + Level 1.7 Dodging
 + Level 13.2 Shields
 - Level 7.5 Invocations


You had 14 spell levels left.
You didn't know any spells.
Your spell library contained the following spells:

 Spells                   Type           Power      Damage    Failure   Level
 Ensorcelled Hibernation  Hex/Ice        0%         N/A       83%         2
 Scorch                   Fire           0%         2d5       83%         2
 Frozen Ramparts          Ice            0%         1d1       97%         3
 Ozocubu's Armour         Ice            0%         N/A       97%         3
 Spider Form              Tmut/Pois      0%         N/A       97%         3
 Airstrike                Air            0%         2d(0-16)  100%        4
 Anguish                  Hex/Necr       0%         N/A       100%        4
 Cause Fear               Hex            0%         N/A       100%        4
 Flame Wave               Conj/Fire      0%         2d4       100%        4
 Ice Form                 Ice/Tmut       0%         N/A       100%        4
 Metabolic Englaciation   Hex/Ice        0%         N/A       100%        5
 Plasma Beam              Fire/Air       0%         2x1d11    100%        5
 Eringya's Noxious Bog    Tmut/Pois      0%         N/A       100%        6
 Dragon Form              Tmut           0%         N/A       100%        7
 Chain Lightning          Conj/Air       0%         N/A       100%        9
 Fire Storm               Conj/Fire      0%         5d1       100%        9
 Shatter                  Erth           0%         3d5*      100%        9
 Summon Ice Beast         Ice/Summ       Unusable   N/A       N/A         4
 Summon Lightning Spire   Summ/Air       Unusable   N/A       N/A         4
 Summon Forest            Summ/Tloc      Unusable   N/A       N/A         5
 Simulacrum               Ice/Necr       Unusable   N/A       N/A         6
 Summon Cactus Giant      Summ           Unusable   N/A       N/A         6
 Summon Hydra             Summ           Unusable   N/A       N/A         7
 Dragon's Call            Summ           Unusable   N/A       N/A         9

Dungeon Overview and Level Annotations

Branches:
Dungeon (13/15)            Temple (1/1) D:5            Lair (5/5) D:11
 Shoals (0/4) Lair:3        Snake (0/4) Lair:3        Slime (0/5) Lair:5
    Orc (2/2) D:10            Elf (0/3) Orc:2        Vaults (0/5) D:13
Gauntlet (visited)

Altars:
Ashenzari
Cheibriados
Dithmenos
Elyvilon
Fedhas
Gozag
Hepliaklqana
Kikubaaqudgha
Makhleb
Nemelex Xobeh
Okawaru
Qazlal
Ru
Sif Muna
Trog
Uskayaw
Vehumet
Wu Jian
Xom
Yredelemnul
Zin
The Shining One
Jiyva

Shops:
D:7 (   D:13 *   Orc:2 [(:*

Annotations:
Orc:2 1 transporter


Innate Abilities, Weirdness & Mutations

You are immune to sickness and miasma.
Your stone body is resilient. (AC +11)
You are immune to poison.
Your large and strong wings let you fly.
You resist negative energy. (rN+)
You are resistant to electric shocks. (rElec)
You are resistant to unholy torment.
You are immune to petrification.


Message History

Takeo's ghost is heavily damaged.
Takeo's ghost hits you but does no damage.
You thrash Takeo's ghost!! You freeze Takeo's ghost.
Takeo's ghost is severely damaged.
Takeo's ghost hits you.
You hit Takeo's ghost but do no damage.
Takeo's ghost is severely damaged.
The moth of wrath goads something on!
You thrash Takeo's ghost!! You freeze Takeo's ghost.
Takeo's ghost is almost destroyed.
You hear two shouts!
Takeo's ghost hits you but does no damage.
You whack Takeo's ghost! You freeze Takeo's ghost.
You destroy Takeo's ghost!
Okawaru accepts your kill.
You thrash the moth of wrath!! You freeze the moth of wrath.
You kill the moth of wrath!
Okawaru accepts your kill.
The two-headed ogre hits you with a +0 dire flail!
The two-headed ogre completely misses you.
You hit the two-headed ogre. You freeze the two-headed ogre.
The two-headed ogre is lightly wounded.
You hit the two-headed ogre. You freeze the two-headed ogre.
The two-headed ogre is lightly wounded.
The ettin hits you with a +0 antimagic giant club!!
You feel your power leaking away. The ettin hits you but does no damage.
You thrash the two-headed ogre!! You freeze the two-headed ogre.
The two-headed ogre is severely wounded.
You hear two shouts!
The ettin hits you with a +0 antimagic giant club!
You feel your power leaking away.
The ettin hits you with a +0 great mace of flaming!!
* * * LOW HITPOINT WARNING * * *
The ettin burns you!
* * * LOW HITPOINT WARNING * * *
The two-headed ogre hits you but does no damage. x2
You feel much better.
The ettin hits you with a +0 antimagic giant club!!!
You die...

...............................#.
.................................
.................................
..<###.......#...................
...................#.............
...............©.................
...#.........#####...............
....#.#....###.©.###.............
#.........##...O@C###............
##........#....###Oo#....P....∩..
.P...##..##..... #..##.....P.....
....##...#.....§O##..#.......8...
...##....#..##$O.....#.......P...
...##....#..#≈)?|##.T#.......P...
.........######.# ####..####P..P.
..P...#...##.#..### #...#########
......#...##...... ##....#.##


You could see an orc knight, an ettin (berserk) and 2 two-headed ogres.

Vanquished Creatures
  Rupert (D:13)
  The ghost of Kahihaet the Warrior, an adept GrGl of Elyvilon (Lair:1)
  The ghost of Takeo the Imperceptible, an adept KoBr of Uskayaw (Orc:2)
  An orc warlord (Orc:1)
  2 minotaurs
  2 dire elephants (Lair:5)
  A fire dragon (Lair:5)
  A hydra (Lair:5)
  A centaur warrior (D:13)
  Erica (D:9)
  2 catoblepae (Lair:5)
  8 vault guards
  2 boulder beetles
  A death knight (D:13)
  6 two-headed ogres
  A vampire mage (Lair:4)
  4 death yaks (Lair:4)
  A deep troll earth mage (D:10)
  2 orc high priests (Orc:2)
  A skyshark (Lair:2)
  A skeletal warrior (D:10)
  A death drake (Gauntlet)
  A wizard (Gauntlet)
  Pikel (D:9)
  8 lindwurms
  A harpy (shapeshifter) (D:13)
  4 orc knights
  3 manticores
  5 orc sorcerers
  An ugly thing (D:10)
  4 black mambas
  A spectral centaur (Gauntlet)
  A centaur zombie (Gauntlet)
  A moth of wrath (Orc:2)
  5 torpor snails (Lair:5)
  4 elephants (Lair:2)
  3 gargoyles
  10 cane toads
  2 unseen horrors (D:10)
  A kobold demonologist (D:13)
  An efreet (D:13)
  3 rime drakes
  3 komodo dragons
  7 trolls
  4 polar bears
  11 hornets
  Grinder (D:5)
  3 tyrant leeches (Lair:5)
  A wind drake (Lair:3)
  6 blink frogs
  9 dream sheep
  2 slime creatures (Lair:5)
  A wraith (D:13)
  A shadow (D:11)
  2 vampires (D:12)
  7 wyverns
  5 basilisks
  Eustachio (D:5)
  A human (Lair:4)
  Grum (D:8)
  51 yaks
  A death yak simulacrum (Lair:5)
  A vampire mosquito (D:10)
  2 steam dragons
  5 wargs
  Menkaure (D:7)
  Duvessa (D:5)
  3 acid dragons
  32 water moccasins
  A swamp drake (Lair:3)
  A sky beast (D:6)
  32 orc warriors
  An ice beast (D:4)
  A black bear (D:6)
  6 ogres
  20 wolves
  9 centaurs
  A phantom (D:4)
  3 lemures (D:9)
  9 bullfrogs
  2 kobold brigands
  3 scorpions
  Dowan (D:5)
  8 killer bees
  An elephant simulacrum (Lair:5)
  4 howler monkeys
  An electric eel (Lair:4)
  3 jellies
  A hound (D:5)
  A spectral boggart (Gauntlet)
  6 orc priests
  3 gnoll boudas
  16 orc wizards
  4 iguanas
  2 sleepcaps
  Natasha (thrice) (D:2)
  5 hell rats (Lair:4)
  A polar bear simulacrum (Lair:5)
  Robin (D:2)
  14 gnolls
  26 adders
  2 shadow imps
  6 white imps
  An ufetubus (D:5)
  2 dart slugs
  51 orcs
  5 bats
  5 endoplasms (D:3)
  4 giant cockroaches
  15 goblins
  14 hobgoblins
  2 jackals (D:2)
  11 kobolds
  2 quokkas
  9 ball pythons
  6 frilled lizards
  3 rats
593 creatures vanquished.

Vanquished Creatures (others)
  An adder (Lair:3)
  14 fungi
  21 plants
36 creatures vanquished.

Grand Total: 629 creatures vanquished

Notes
Turn   | Place    | Note
-------+----------+-------------------------------------------
     0 | D:1      | vineage the Gargoyle Fighter began the quest for the Orb.
     0 | D:1      | Reached XP level 1. HP: 14/14 MP: 1/1
   154 | D:1      | Reached XP level 2. HP: 19/19 MP: 2/2
   363 | D:1      | Reached XP level 3. HP: 20/23 MP: 3/3
   772 | D:2      | Noticed Natasha
   775 | D:2      | Noticed an ogre
   967 | D:2      | Killed Natasha
   968 | D:2      | Reached skill level 3 in Maces & Flails
   968 | D:2      | Reached XP level 4. HP: 11/29 MP: 4/4
   974 | D:2      | Killed an ogre
   975 | D:2      | Reached XP level 5. HP: 9/33 MP: 5/5
  1100 | D:2      | Noticed Robin
  1121 | D:2      | Killed Robin
  1203 | D:2      | Found a white marble altar of Elyvilon.
  1342 | D:2      | Found a faded altar of an unknown god.
  1548 | D:2      | Noticed Natasha
  1557 | D:2      | Killed Natasha
  1558 | D:2      | Reached skill level 4 in Maces & Flails
  1571 | D:2      | Reached XP level 6. HP: 17/38 MP: 6/6
  1815 | D:2      | Noticed Natasha
  1823 | D:2      | Killed Natasha
  2819 | D:3      | Found a hazy altar of Hepliaklqana.
  3149 | D:4      | Noticed an ice beast
  3159 | D:4      | Killed an ice beast
  3238 | D:4      | Reached XP level 7. HP: 43/44 MP: 7/7
  3269 | D:4      | Reached skill level 5 in Maces & Flails
  3403 | D:4      | Reached skill level 5 in Fighting
  3403 | D:4      | Reached skill level 5 in Armour
  3403 | D:4      | Reached skill level 5 in Shields
  4019 | D:5      | Entered Level 5 of the Dungeon
  4027 | D:5      | Noticed Duvessa
  4028 | D:5      | Noticed Dowan
  4036 | D:5      | Killed Duvessa
  4037 | D:5      | Reached XP level 8. HP: 46/50 MP: 8/8
  4039 | D:5      | Killed Dowan
  4040 | D:5      | Reached skill level 6 in Maces & Flails
  4261 | D:5      | Noticed Grinder
  4268 | D:5      | Paralysed by Grinder for 4 turns
  4289 | D:5      | Noticed Eustachio
  4302 | D:5      | Paralysed by Grinder for 3 turns
  4332 | D:5      | Killed Eustachio
  4343 | D:5      | Killed Grinder
  4399 | D:5      | Found a radiant altar of Vehumet.
  4540 | D:5      | Found a staircase to the Ecumenical Temple.
  4572 | Temple   | Entered the Ecumenical Temple
  4609 | Temple   | Became a worshipper of Warmaster Okawaru
  4895 | D:5      | Found a broken altar of Ashenzari.
  4986 | D:6      | Reached skill level 7 in Maces & Flails
  4995 | D:6      | Reached XP level 9. HP: 40/56 MP: 9/9
  5081 | D:6      | Reached * piety under Okawaru
  5088 | D:6      | Found a shimmering altar of Xom.
  5089 | D:6      | Identified the +11 whip of Chance {freeze, Will++}
  5123 | D:6      | Found a stormy altar of Qazlal.
  5202 | D:6      | Found a shadowy altar of Dithmenos.
  5581 | D:7      | Noticed a two-headed ogre
  5589 | D:7      | Killed a two-headed ogre
  5590 | D:7      | Reached skill level 8 in Maces & Flails
  5777 | D:7      | Reached ** piety under Okawaru
  6036 | D:7      | Found Xunis's Weapon Shop.
  6094 | D:7      | Found a basalt altar of Yredelemnul.
  6134 | D:7      | Noticed Menkaure
  6142 | D:7      | Killed Menkaure
  6459 | D:7      | Found a glowing silver altar of Zin.
  6612 | D:8      | Noticed a two-headed ogre
  6623 | D:8      | Killed a two-headed ogre
  6624 | D:8      | Reached skill level 9 in Maces & Flails
  6624 | D:8      | Reached XP level 10. HP: 33/64 MP: 10/10
  6833 | D:8      | Reached *** piety under Okawaru
  6845 | D:8      | Found a glowing golden altar of the Shining One.
  6881 | D:8      | Noticed Grum
  6893 | D:8      | Killed Grum
  7270 | D:9      | Noticed a two-headed ogre
  7280 | D:9      | Killed a two-headed ogre
  7281 | D:9      | Reached skill level 10 in Maces & Flails
  7647 | D:9      | Identified a scroll of acquirement
  7648 | D:9      | Acquired the +1 pair of boots of Leestete {Int+4 Slay+6}
  7671 | D:9      | Noticed Erica
  7673 | D:9      | Noticed Pikel
  7675 | D:9      | Killed Erica
  7675 | D:9      | Reached **** piety under Okawaru
  7676 | D:9      | Reached skill level 1 in Invocations
  7704 | D:9      | Killed Pikel
  7705 | D:9      | Reached XP level 11. HP: 64/69 MP: 12/12
  7774 | D:9      | Found a white marble altar of Elyvilon.
  8216 | D:10     | Entered Level 10 of the Dungeon
  8216 | D:10     | Noticed a two-headed ogre
  8223 | D:10     | Killed a two-headed ogre
  8223 | D:10     | Reached ***** piety under Okawaru
  8321 | D:10     | Found a staircase to the Orcish Mines.
  8374 | D:10     | Found an ancient bone altar of Kikubaaqudgha.
  8393 | D:10     | Reached skill level 11 in Maces & Flails
  8396 | D:10     | Received a gift from Okawaru
  8441 | D:10     | Noticed a purple ugly thing
  8454 | D:10     | Killed a purple ugly thing
  9089 | D:10     | Found a sacrificial altar of Ru.
  9104 | D:10     | Noticed a deep troll earth mage
  9116 | D:10     | Killed a deep troll earth mage
  9203 | D:10     | Reached XP level 12. HP: 77/77 MP: 15/15
  9283 | D:10     | Identified the staff of earth "Neynuk" {Str+5}
  9287 | D:10     | Identified the +9 rapier of Nadyisch {venom, rC+ Will++
                  | MP+9}
  9288 | D:10     | Identified the +4 broad axe "Jifik" {vamp, rC- rN+ Will+
                  | rCorr}
  9289 | D:10     | Identified the ring "Foagaq Olaa" {Str-2 Int+6 Dex+6}
  9320 | D:10     | Noticed a two-headed ogre
  9327 | D:10     | Killed a two-headed ogre
  9435 | D:10     | Reached skill level 12 in Maces & Flails
  9444 | D:10     | Reached skill level 5 in Invocations
  9641 | D:11     | Noticed a two-headed ogre
  9647 | D:11     | Killed a two-headed ogre
  9648 | D:11     | Reached skill level 10 in Fighting
  9648 | D:11     | Reached skill level 10 in Shields
  9659 | D:11     | Found a staircase to the Lair.
 10003 | D:11     | Reached skill level 10 in Armour
 10320 | D:11     | Found a hide-covered altar of Uskayaw.
 10532 | D:12     | Received a gift from Okawaru
 11548 | D:13     | Noticed a centaur warrior
 11559 | D:13     | Killed a centaur warrior
 11856 | D:13     | Noticed a vault guard
 11856 | D:13     | Noticed a vault guard
 11856 | D:13     | Noticed a vault guard
 11857 | D:13     | Found a gate to the Vaults.
 11857 | D:13     | Noticed a vault guard
 11857 | D:13     | Noticed a vault guard
 11885 | D:12     | Killed a vault guard
 11930 | D:12     | Killed a vault guard
 11930 | D:12     | Received a gift from Okawaru
 11940 | D:12     | Killed a vault guard
 11949 | D:12     | Killed a vault guard
 11950 | D:12     | Reached skill level 13 in Maces & Flails
 12195 | D:13     | Killed a vault guard
 12260 | D:13     | Reached XP level 13. HP: 83/83 MP: 17/17
 12262 | D:13     | Noticed a vault guard
 12274 | D:13     | Killed a vault guard
 12381 | D:13     | Noticed a vault guard
 12391 | D:13     | Killed a vault guard
 12537 | D:13     | Reached ****** piety under Okawaru
 12537 | D:13     | Received a gift from Okawaru
 12648 | D:13     | Found Palya's General Store.
 12954 | D:13     | Noticed Rupert
 12974 | D:13     | Killed Rupert
 13297 | D:13     | Noticed a vault guard
 13309 | D:13     | Killed a vault guard
 13470 | Lair:1   | Entered Level 1 of the Lair of Beasts
 13497 | Lair:1   | Found a runed translucent gate.
 13497 | Lair:1   | Found a runed translucent gate.
 13497 | Lair:1   | Found a runed translucent gate.
 13501 | Lair:1   | Noticed a minotaur
 13503 | Lair:1   | Noticed Kahihaet's ghost (adept GrGl)
 13518 | Lair:1   | Killed a minotaur
 13612 | Lair:1   | Killed Kahihaet's ghost
 14288 | Lair:1   | Reached skill level 14 in Maces & Flails
 14681 | Lair:2   | Received a gift from Okawaru
 14970 | Lair:2   | Gained mutation: Your large and strong wings let you fly.
                  | [Gargoyle growth]
 14970 | Lair:2   | Reached XP level 14. HP: 40/92 MP: 19/19
 15932 | Lair:3   | Acquired 940 gold pieces
 15948 | Lair:3   | Found a staircase to the Snake Pit.
 15951 | Lair:3   | You are sucked into a shaft and drop 2 floors!
 15951 | Lair:5   | Entered Level 5 of the Lair of Beasts
 16147 | Lair:3   | Found a staircase to the Shoals.
 16177 | Lair:3   | Found a gate leading to a gauntlet.
 16196 | Gauntlet | Entered a Gauntlet
 16196 | Gauntlet | Found a transporter.
 16196 | Gauntlet | Found a transporter.
 16196 | Gauntlet | Found a transporter.
 16197 | Gauntlet | Found a transporter.
 16198 | Gauntlet | Found a transporter.
 16201 | Gauntlet | Found a transporter.
 16205 | Gauntlet | Found a runed translucent door.
 16207 | Gauntlet | Found a runed translucent door.
 16208 | Gauntlet | Found a transporter.
 16209 | Gauntlet | Found a transporter.
 16210 | Gauntlet | Found a transporter.
 16212 | Gauntlet | Found a transporter.
 16220 | Gauntlet | Found a transporter.
 16220 | Gauntlet | Found a transporter.
 16525 | Gauntlet | Received a gift from Okawaru
 16535 | Gauntlet | Identified the amulet "Plog" {Will+ Regen+ Slay+3}
 16617 | Gauntlet | Identified the ring "Rimotz" {rCorr Dex+3}
 17292 | Lair:3   | Reached skill level 15 in Maces & Flails
 17456 | Lair:4   | Identified the +7 war axe of Perversion {distort, rPois
                  | Str+3 Int+3 Stlth-} (Okawaru gifted it to you on level 4 of
                  | the Lair of Beasts)
 17456 | Lair:4   | Received a gift from Okawaru
 18047 | Lair:4   | Found a runed translucent door.
 18227 | Lair:5   | Found a viscous altar of Jiyva.
 18231 | Lair:5   | Found a staircase to the Slime Pits.
 18679 | Lair:5   | Noticed a dire elephant
 18686 | Lair:5   | Killed a dire elephant
 18698 | Lair:5   | Identified the scarf of Dogma {+Inv, rN+ Str+2 Int+3
                  | Stlth+} (Okawaru gifted it to you on level 5 of the Lair of
                  | Beasts)
 18698 | Lair:5   | Received a gift from Okawaru
 18699 | Lair:5   | Reached XP level 15. HP: 63/100 MP: 20/20
 18817 | Lair:5   | Identified the ring of the Special Deaths {AC+4 Str+7
                  | Dex-3}
 19042 | Lair:5   | Found a runed translucent door.
 19181 | Lair:5   | Reached skill level 16 in Maces & Flails
 19776 | Orc:1    | Entered Level 1 of the Orcish Mines
 20013 | Orc:2    | Entered Level 2 of the Orcish Mines
 20174 | Orc:2    | Noticed an orc warlord
 20526 | Orc:1    | Killed an orc warlord
 20578 | Orc:2    | Reached skill level 1 in Dodging
 20586 | Orc:2    | Found Jyepeew's Antique Armour Shop.
 20604 | Orc:2    | Identified the +5 eveningstar of the Tired Planets {drain,
                  | Fly rC+ Str+3} (Okawaru gifted it to you on level 2 of the
                  | Orcish Mines)
 20604 | Orc:2    | Received a gift from Okawaru
 20631 | Orc:2    | Bought a faintly glowing buckler for 218 gold pieces
 20631 | Orc:2    | Identified the +3 buckler "Maydder" {Harm} (You bought it
                  | in a shop on level 2 of the Orcish Mines)
 20713 | Orc:2    | Found a staircase to the Elven Halls.
 20754 | Orc:2    | Found Leakegui's Antique Weapon Emporium.
 20781 | Orc:2    | Found a bloodstained altar of Trog.
 20781 | Orc:2    | Noticed Takeo's ghost (adept KoBr)
 20816 | Orc:2    | Found Mezxygg's General Store.
 20824 | Orc:2    | Bought a scroll of teleportation for 42 gold pieces
 20837 | Orc:2    | Found a transporter.
 20839 | Orc:2    | Found a transporter.
 21037 | Orc:2    | Found Sumenkiz's Book Emporium.
 21298 | Orc:2    | Killed Takeo's ghost
 21303 | Orc:2    | Slain by an ettin

Illustrated notes

Levels and vault maps discovered:
D:1:      lightli_arrival_statue_moat, layout_basic, st_stairs_1, minmay_3d_cube
D:2:      layout_loops_cross, basic_altar,
          chequers_ecumenical_altar_simple_redux, cheibrodos_gnoll_hut,
          uniq_natasha, uniq_robin
D:3:      layout_loops_corners, worldfamousw_hep_ancestral_shrine,
          minmay_misc_feat_square
D:4:      minmay_chambers_of_fours, layout_basic, minmay_misc_feat_pillars
D:5:      layout_loops_ring, grunt_ashenzari_visionary
          [grunt_ashenzari_visionary_shoals, grunt_ashenzari_visionary_snake],
          vehumet_altar_wand_db, minmay_temple_entry_glassed_door, uniq_grinder,
          uniq_eustachio, uniq_duvessa
D:6:      layout_cave_pools, xom_butterflies, mainiacjoe_overflow_catwalk_spiral
D:7:      layout_basic, mainiacjoe_overflow_alcove_2, zin_statuary,
          serial_shops, nicolae_shop_trees, uniq_menkaure
D:8:      layout_rooms, mainiacjoe_overflow_paths, uniq_grum
D:9:      layout_stronghold, lemuel_coloured_pillars_altar, uniq_pikel,
          uniq_erica
D:10:     minmay_the_grid_net [minmay_the_grid_stretched_grid,
          minmay_the_grid_diamond_grid, minmay_the_grid_rooms,
          minmay_the_grid_plusring, minmay_the_grid_broken_lines,
          minmay_the_grid_prize_diamond_cup], layout_rooms,
          nicolae_ru_path_of_blood, amcnicky_altar_gilded, st_stairs_12,
          kennysheep_small_square
D:11:     layout_basic, lair_entry_dummy, nicolae_uskayaw_dance_studio
D:12:     layout_basic, minivault_11, dk_noncrumbling_4
D:13:     layout_gridville, erik_vaults_2, serial_shops,
          nicolae_shop_hallway_plus, uniq_rupert
Temple:   cyrus_temple_forest
Lair:1:   layout_gridlike, maelrawn_ghost_gauntlet_escape,
          dreamdust_gnoll_shepherd
Lair:2:   layout_long_grid, minmay_lindwurm_lava
Lair:3:   lemuel_reptile_caves, layout_gridlike, minmay_shoals_entry_beasts,
          gauntlet_entry_generic
Lair:4:   layout_gridlike, pdpol_lair_cabin_in_the_woods, serial_bayou_shore_a
Lair:5:   wormcave, layout_regular_city, hangedman_lair_in_review,
          minmay_slime_entry_pillars, portal_ice_cave_entry_ice_simulacra
Orc:1:    layout_caves, serial_shops
Orc:2:    grunt_orc_gardens, layout_caves, grunt_orc_garden, grunt_orc_garden,
          grunt_orc_garden, grunt_orc_garden, gammafunk_ghost_wrathful_warriors

Skill      XL: |  1  2  3  4  5  6  7  8  9 10 11 12 13 14 15 |
---------------+----------------------------------------------+-----
Maces & Flails | 3 4 5 7 9 10 11 13 14 15 16 | 16.4
Fighting       | 4 5 6 7 8 9 10 12 13 14 | 14.9
Armour         | 4 5 6 7 8 9 10 11 12 13 | 13.2
Shields        | 4 5 6 7 8 9 10 11 12 13 | 13.2
Invocations    | 2 4 6 7 |  7.5
Dodging        | 1 |  1.7

Action                     |  1- 3 |  4- 6 |  7- 9 | 10-12 | 13-15 || total
---------------------------+-------+-------+-------+-------+-------++-------
  Melee: Flail             |    93 |   169 |   211 |       |       ||   473
         Whip              |       |       |    89 |   474 |   477 ||  1040
         Demon whip        |       |       |       |       |   638 ||   638
 Invoke: Heroism           |       |       |       |     8 |    10 ||    18
         Finesse           |       |       |       |       |     1 ||     1
    Use: Scroll            |     5 |     8 |     5 |     8 |    13 ||    39
         Potion            |     1 |       |     2 |       |     7 ||    10
   Stab: Confused          |       |       |       |       |     2 ||     2
 Armour: Scale mail        |    50 |    75 |    24 |       |       ||   149
         Chain mail        |       |       |   149 |    87 |       ||   236
         Plate armour      |       |       |       |    66 |   423 ||   489
  Dodge: Dodged            |    33 |    95 |   140 |   183 |   292 ||   743
  Block: Buckler           |    21 |    60 |    95 |   122 |   285 ||   583

Table legend: (Time is in decaauts)
 A = Elapsed time spent in this place.
 B = Non-inter-level travel time spent in this place.
 C = Inter-level travel time spent in this place.
 D = Time resting spent in this place.
 E = Time spent auto-exploring this place.
 F = Levels seen in this place.
 G = Mean time per level.
                   A        B        C        D        E       F      G
               +--------+--------+--------+--------+--------+-----+--------+
         Total |  20650 |  19546 |   1104 |   2231 |  13914 |  22 |  938.6 |
       Dungeon |  13273 |  12611 |    662 |   1753 |   8905 |  13 | 1021.0 |
        Temple |     70 |     35 |     35 |      0 |     28 |   1 |   70.0 |
          Lair |   5455 |   5111 |    344 |    144 |   4093 |   5 | 1091.0 |
  Orcish Mines |   1434 |   1371 |     63 |    334 |    773 |   2 |  717.0 |
      Gauntlet |    415 |    415 |      0 |      0 |    115 |   1 |  415.0 |
               +--------+--------+--------+--------+--------+-----+--------+

Top non-repeatable levels by time:
    D:13: 1503 daAuts
    D:12: 1344 daAuts
    D:10: 1330 daAuts
  Lair:5: 1316 daAuts
  Lair:2: 1258 daAuts
     D:7: 1160 daAuts
     D:3: 1135 daAuts
  Lair:1: 1109 daAuts
     D:2: 1096 daAuts
     D:1: 980 daAuts
  Lair:4: 960 daAuts
     D:9: 940 daAuts
    D:11: 924 daAuts
     D:5: 901 daAuts
     D:4: 893 daAuts
